| TOP OF THE 1ST |
|
Seattle Mariners batting - Pitching for Chicago White Sox : RHP Xenophon Valvis
|
|
Pitching: RHP Xenophon Valvis
|
|
|
Batting: LHB Dae-ik Yoon
|
0-0: Ball 1-0: Foul Ball, location: 2F 1-1: Called Strike 1-2: Ball 2-2: Strikes out swinging
|
|
Batting: SHB Robbie Rogers
|
0-0: DOUBLE (Line Drive, 89D, EV 104.4 MPH)
|
|
Batting: SHB Floyd-William Goof
|
0-0: Called Strike 0-1: Ball 1-1: Ball 2-1: SINGLE (Groundball, 4MD, EV 98.8 MPH) Robbie Rogers to third Runner from 3rd tries for Home, SAFE, throw by CF to home
|
|
Batting: RHB Jose Vasquez
|
0-0: Called Strike 0-1: Ball 1-1: Foul Ball, location: 2F 1-2: Grounds into double play, 5-4-3 (Groundball, 56S, EV 77.5 MPH)
|
| Top of the 1st over - 1 run, 2 hits, 0 errors, 0 left on base; Seattle 1 - Chicago 0 |
| BOTTOM OF THE 1ST |
|
Chicago White Sox batting - Pitching for Seattle Mariners : RHP Bas Kooy
|
|
Pitching: RHP Bas Kooy
|
|
|
Batting: RHB Dieter Knoops
|
0-0: SINGLE (Groundball, 4M, EV 105.6 MPH) (infield hit)
|
|
Batting: RHB Joseph Disepolo
|
0-0: Ball 1-0: Called Strike Dieter Knoops is caught stealing 2nd base 2-4 1-1: Foul Ball, location: 2F 1-2: DOUBLE (Line Drive, 9LM, EV 106.2 MPH) - OUT at third base trying to stretch hit.
|
|
Batting: LHB Randy Rosenberry
|
0-0: Ball 1-0: Foul Ball, location: 2F 1-1: Ground out 4-3 (Groundball, 34, EV 87.5 MPH)
|
| Bottom of the 1st over - 0 runs, 2 hits, 0 errors, 0 left on base; Seattle 1 - Chicago 0 |
| TOP OF THE 2ND |
|
Seattle Mariners batting - Pitching for Chicago White Sox : RHP Xenophon Valvis
|
|
Batting: RHB Tony Vargas
|
0-0: Swinging Strike 0-1: Foul Ball, location: 2F 0-2: Ball 1-2: Foul Ball, location: 2F 1-2: Foul Ball, location: 2F 1-2: Strikes out looking
|
|
Batting: RHB Pavpv Ivanushkin
|
0-0: SINGLE (Line Drive, 78M, EV 103.8 MPH)
|
|
Batting: RHB Harutomi Matsubara
|
0-0: Called Strike 0-1: Ball 1-1: Fielders Choice at 2nd, 1-6 (Groundball, 34S, EV 63.8 MPH)
|
|
Batting: LHB Jerrod Cluck
|
0-0: Called Strike 0-1: Called Strike 0-2: SINGLE (Groundball, 56D, EV 95.0 MPH) Harutomi Matsubara to second Harutomi Matsubara to third
|
|
Batting: RHB Young-kwang Ohnn
|
0-0: Called Strike 0-1: Foul Ball, location: 2F 0-2: Strikes out looking
|
| Top of the 2nd over - 0 runs, 2 hits, 0 errors, 2 left on base; Seattle 1 - Chicago 0 |
| BOTTOM OF THE 2ND |
|
Chicago White Sox batting - Pitching for Seattle Mariners : RHP Bas Kooy
|
|
Batting: LHB Jack Christie
|
0-0: Called Strike 0-1: Ball 1-1: Fly out, F8 (Flyball, 8LXD, EV 105.6 MPH)
|
|
Batting: SHB Rich Chavez
|
0-0: Ball 1-0: Swinging Strike 1-1: Ball 2-1: Swinging Strike 2-2: Foul Ball, location: 2F 2-2: Strikes out swinging
|
|
Batting: RHB Chris Cooper
|
0-0: Ball 1-0: Ball 2-0: Fly out, F8 (Line Drive, 8LM, EV 93.1 MPH)
|
| Bottom of the 2nd over - 0 runs, 0 hits, 0 errors, 0 left on base; Seattle 1 - Chicago 0 |
| TOP OF THE 3RD |
|
Seattle Mariners batting - Pitching for Chicago White Sox : RHP Xenophon Valvis
|
|
Batting: LHB Dae-ik Yoon
|
0-0: SINGLE (Groundball, 34D, EV 103.8 MPH)
|
|
Batting: SHB Robbie Rogers
|
0-0: Swinging Strike 0-1: SINGLE (Groundball, 6MD, EV 101.2 MPH) Dae-ik Yoon to second Runner from 2nd tries for 3rd, OUT! 8-5
|
|
Batting: SHB Floyd-William Goof
|
0-0: Fly out, F7 (Line Drive, 7LM, EV 91.2 MPH)
|
|
Batting: RHB Jose Vasquez
|
0-0: Foul Ball, location: 2F 0-1: Ball 1-1: Ball 2-1: Ball 3-1: Swinging Strike 3-2: Base on Balls Robbie Rogers to second
|
|
Batting: RHB Tony Vargas
|
0-0: Called Strike 0-1: Ball 1-1: Ball 2-1: Ball 3-1: Base on Balls Robbie Rogers to third Jose Vasquez to second
|
|
Pitching: LHP Josh Vaca
|
|
|
Batting: RHB Pavpv Ivanushkin
|
0-0: Called Strike 0-1: Called Strike 0-2: Foul Ball, location: 2F 0-2: Foul Ball, location: 2F 0-2: Ball 1-2: Foul Ball, location: 2F 1-2: DOUBLE (Line Drive, 9LS, EV 93.1 MPH) Robbie Rogers scores Jose Vasquez scores Tony Vargas to third
|
|
Batting: RHB Harutomi Matsubara
|
0-0: DOUBLE (Groundball, 3L, EV 102.5 MPH) Tony Vargas scores Pavpv Ivanushkin scores
|
|
Batting: LHB Jerrod Cluck
|
0-0: Ball 1-0: Called Strike 1-1: Fly out, F7 (Flyball, 78M, EV 92.5 MPH)
|
| Top of the 3rd over - 4 runs, 4 hits, 0 errors, 1 left on base; Seattle 5 - Chicago 0 |
| BOTTOM OF THE 3RD |
|
Chicago White Sox batting - Pitching for Seattle Mariners : RHP Bas Kooy
|
|
Batting: RHB Jon Solano
|
0-0: Ball 1-0: Fly out, F8 (Flyball, 89D, EV 105.6 MPH)
|
|
Batting: LHB Angel Tellez
|
0-0: Ball 1-0: Swinging Strike 1-1: Foul Ball, location: 2F 1-2: Foul Ball, location: 2F 1-2: Foul Ball, location: 2F 1-2: Ball 2-2: Ball 3-2: Base on Balls
|
|
Batting: RHB Jose Medina
|
0-0: Called Strike 0-1: Swinging Strike 0-2: Foul Ball, location: 2F 0-2: Ball 1-2: Fly out, F7 (Flyball, 7, EV 96.9 MPH)
|
|
Batting: RHB Dieter Knoops
|
0-0: Ball 1-0: Foul Ball, location: 2F 1-1: Fly out, F7 (Flyball, 7, EV 80.6 MPH)
|
| Bottom of the 3rd over - 0 runs, 0 hits, 0 errors, 1 left on base; Seattle 5 - Chicago 0 |
| TOP OF THE 4TH |
|
Seattle Mariners batting - Pitching for Chicago White Sox : LHP Josh Vaca
|
|
Batting: RHB Young-kwang Ohnn
|
0-0: Ball 1-0: Foul Ball, location: 2F 1-1: Ball 2-1: Foul Ball, location: 2F 2-2: Foul Ball, location: 2F 2-2: Foul Ball, location: 2F 2-2: Foul Ball, location: 2F 2-2: Strikes out looking
|
|
Pinch Hitting: RHB Steve Jordan
|
0-0: Ball 1-0: SOLO HOME RUN (Flyball, 9LD, EV 94.4 MPH), Distance : 354 ft
|
|
Batting: SHB Robbie Rogers
|
0-0: Ball 1-0: Ground out 3-1 (Groundball, 34S, EV 86.2 MPH)
|
|
Pinch Hitting: RHB Leon Alders
|
0-0: Ground out 5-3 (Groundball, 56, EV 106.9 MPH)
|
| Top of the 4th over - 1 run, 1 hit, 0 errors, 0 left on base; Seattle 6 - Chicago 0 |
| BOTTOM OF THE 4TH |
|
Chicago White Sox batting - Pitching for Seattle Mariners : RHP Bas Kooy
|
|
Now at 1B: Leon Alders
|
|
|
Now in RF: Steve Jordan
|
|
|
Batting: RHB Joseph Disepolo
|
0-0: Called Strike 0-1: Ball 1-1: Foul Ball, location: 2F 1-2: Ball 2-2: Ball 3-2: Foul Ball, location: 2F 3-2: Strikes out looking
|
|
Batting: LHB Randy Rosenberry
|
0-0: Ground out 4-3 (Groundball, 4, EV 88.8 MPH)
|
|
Batting: LHB Jack Christie
|
0-0: Called Strike 0-1: Fly out, F7 (Flyball, 78M, EV 93.8 MPH)
|
| Bottom of the 4th over - 0 runs, 0 hits, 0 errors, 0 left on base; Seattle 6 - Chicago 0 |
| TOP OF THE 5TH |
|
Seattle Mariners batting - Pitching for Chicago White Sox : LHP Josh Vaca
|
|
Pinch Hitting: RHB Hideo Okimura
|
0-0: SINGLE (Line Drive, 34D, EV 94.4 MPH)
|
|
Batting: RHB Tony Vargas
|
0-0: Called Strike 0-1: Foul Ball, location: 2F 0-2: Foul Ball, location: 2F 0-2: Foul Ball, location: 2F 0-2: Ball 1-2: Ball 2-2: Strikes out swinging
|
|
Pitching: RHP Alfie Bungledorf
|
|
|
Pinch Hitting: RHB Malik Brookshire
|
0-0: Foul Ball, location: 2F 0-1: Foul Ball, location: 2F 0-2: Ball 1-2: Ball 2-2: Fly out, F8 (Flyball, 78M, EV 95.0 MPH)
|
|
Pinch Hitting: RHB Bill Vives
|
0-0: Ball 1-0: Foul Ball, location: 2F 1-1: Ground out 5-3 (Groundball, 56S, EV 82.5 MPH)
|
| Top of the 5th over - 0 runs, 1 hit, 0 errors, 1 left on base; Seattle 6 - Chicago 0 |
| BOTTOM OF THE 5TH |
|
Chicago White Sox batting - Pitching for Seattle Mariners : RHP Bas Kooy
|
|
Pitching: LHP Lance Crumpton
|
|
|
Now at 2B: Malik Brookshire
|
|
|
Now at SS: Bill Vives
|
|
|
Now in CF: Steve Jordan
|
|
|
Now in RF: Hideo Okimura
|
|
|
Batting: SHB Rich Chavez
|
0-0: Ground out 5-3 (Groundball, 5, EV 90.0 MPH)
|
|
Batting: RHB Chris Cooper
|
0-0: Ball 1-0: Foul Ball, location: 2F 1-1: Called Strike 1-2: Strikes out swinging
|
|
Batting: RHB Jon Solano
|
0-0: Called Strike 0-1: Ball 1-1: Ground out 5-3 (Groundball, 56S, EV 65.0 MPH)
|
| Bottom of the 5th over - 0 runs, 0 hits, 0 errors, 0 left on base; Seattle 6 - Chicago 0 |
| TOP OF THE 6TH |
|
Seattle Mariners batting - Pitching for Chicago White Sox : RHP Alfie Bungledorf
|
|
Pitching: LHP Steven Wolf
|
|
|
Now in LF: Henri Cederberg
|
|
|
Pinch Hitting: LHB Josh Pittman
|
0-0: Called Strike 0-1: Swinging Strike 0-2: Ball 1-2: Strikes out looking
|
|
Pinch Hitting: RHB Corey Ottinger
|
0-0: Swinging Strike 0-1: Swinging Strike 0-2: Ball 1-2: Strikes out looking
|
|
Batting: RHB Steve Jordan
|
0-0: Swinging Strike 0-1: Ball 1-1: Ground out 6-3 (Groundball, 6, EV 103.1 MPH)
|
| Top of the 6th over - 0 runs, 0 hits, 0 errors, 0 left on base; Seattle 6 - Chicago 0 |
| BOTTOM OF THE 6TH |
|
Chicago White Sox batting - Pitching for Seattle Mariners : LHP Lance Crumpton
|
|
Pitching: LHP David Anaya
|
|
|
Now at 3B: Bill Vives
|
|
|
Now at SS: Corey Ottinger
|
|
|
Now in LF: Josh Pittman
|
|
|
Batting: LHB Angel Tellez
|
0-0: Called Strike 0-1: Ball 1-1: Called Strike 1-2: Ball 2-2: Foul Ball, location: 2F 2-2: Foul Ball, location: 2F 2-2: Strikes out swinging
|
|
Batting: RHB Jose Medina
|
0-0: Ball 1-0: Foul Ball, location: 2F 1-1: Foul Ball, location: 2F 1-2: Ball 2-2: Strikes out looking
|
|
Batting: RHB Dieter Knoops
|
0-0: Called Strike 0-1: Ball 1-1: Foul Ball, location: 2F 1-2: SINGLE (Line Drive, 89S, EV 105.0 MPH)
|
|
Batting: RHB Joseph Disepolo
|
0-0: Ball Dieter Knoops steals 2nd base 1-0: Ball 2-0: Ground out 1-3 (Groundball, 13, EV 68.8 MPH)
|
| Bottom of the 6th over - 0 runs, 1 hit, 0 errors, 1 left on base; Seattle 6 - Chicago 0 |
| TOP OF THE 7TH |
|
Seattle Mariners batting - Pitching for Chicago White Sox : LHP Steven Wolf
|
|
Pitching: RHP Ryan Columbo
|
|
|
Batting: RHB Jimmy Hammertime
|
0-0: DOUBLE (Line Drive, 89D, EV 105.6 MPH)
|
|
Batting: RHB Leon Alders
|
0-0: Ball 1-0: SINGLE (Line Drive, 9S, EV 100.6 MPH) Jimmy Hammertime to third
|
|
Batting: RHB Hideo Okimura
|
0-0: Called Strike 0-1: Called Strike Leon Alders is caught stealing 2nd base 2-4 0-2: Ball 1-2: Ground out 3-1 (Groundball, 34S, EV 85.6 MPH) Jimmy Hammertime scores
|
|
Batting: RHB Tony Vargas
|
0-0: Ground out 6-3 (Groundball, 6, EV 94.4 MPH)
|
| Top of the 7th over - 1 run, 2 hits, 0 errors, 0 left on base; Seattle 7 - Chicago 0 |
| BOTTOM OF THE 7TH |
|
Chicago White Sox batting - Pitching for Seattle Mariners : LHP David Anaya
|
|
Pitching: RHP William de Jesus
|
|
|
Batting: LHB Randy Rosenberry
|
0-0: Foul Ball, location: 2F 0-1: Swinging Strike 0-2: Ball 1-2: Ball 2-2: Ground out U3 (Groundball, 3S, EV 86.9 MPH)
|
|
Batting: RHB Brad Boals
|
0-0: Ball 1-0: Ball 2-0: Foul Ball, location: 2F 2-1: Foul Ball, location: 2F 2-2: Strikes out swinging
|
|
Batting: SHB Rich Chavez
|
0-0: Ball 1-0: Foul Ball, location: 2F 1-1: Ball 2-1: Swinging Strike 2-2: Strikes out swinging
|
| Bottom of the 7th over - 0 runs, 0 hits, 0 errors, 0 left on base; Seattle 7 - Chicago 0 |
| TOP OF THE 8TH |
|
Seattle Mariners batting - Pitching for Chicago White Sox : RHP Ryan Columbo
|
|
Pitching: RHP Riso Profanter
|
|
|
Batting: RHB Malik Brookshire
|
0-0: Ball 1-0: Ball 2-0: Ball 3-0: Called Strike 3-1: Foul Ball, location: 2F 3-2: Base on Balls
|
|
Batting: RHB Bill Vives
|
0-0: Swinging Strike 0-1: Called Strike 0-2: Ball 1-2: Foul Ball, location: 2F 1-2: SINGLE (Groundball, 6MD, EV 98.8 MPH) Malik Brookshire to second
|
|
Batting: LHB Josh Pittman
|
0-0: Ball 1-0: Ball 2-0: Swinging Strike 2-1: Swinging Strike 2-2: Strikes out swinging
|
|
Batting: RHB Corey Ottinger
|
0-0: Ball 1-0: Called Strike 1-1: Called Strike 1-2: Strikes out swinging
|
|
Batting: RHB Steve Jordan
|
0-0: Ball 1-0: Swinging Strike 1-1: Called Strike 1-2: Strikes out swinging
|
| Top of the 8th over - 0 runs, 1 hit, 0 errors, 2 left on base; Seattle 7 - Chicago 0 |
| BOTTOM OF THE 8TH |
|
Chicago White Sox batting - Pitching for Seattle Mariners : RHP William de Jesus
|
|
Batting: RHB Henri Cederberg
|
0-0: Called Strike 0-1: Ball 1-1: Foul Ball, location: 2F 1-2: Strikes out looking
|
|
Batting: RHB Jon Solano
|
0-0: Foul Ball, location: 2F 0-1: Ball 1-1: Swinging Strike 1-2: Strikes out swinging
|
|
Batting: LHB Angel Tellez
|
0-0: Ball 1-0: Ball 2-0: Ball 3-0: Called Strike 3-1: Swinging Strike 3-2: Base on Balls
|
|
Batting: RHB Jose Medina
|
0-0: Ball 1-0: 2-RUN HOME RUN (Flyball, 9D, EV 98.1 MPH), Distance : 366 ft
|
|
Batting: RHB Dieter Knoops
|
0-0: Ball 1-0: Called Strike 1-1: Called Strike 1-2: Fly out, F7 (Flyball, 78M, EV 85.0 MPH)
|
| Bottom of the 8th over - 2 runs, 1 hit, 0 errors, 0 left on base; Seattle 7 - Chicago 2 |
| TOP OF THE 9TH |
|
Seattle Mariners batting - Pitching for Chicago White Sox : RHP Riso Profanter
|
|
Pitching: RHP Steve Friesner
|
|
|
Batting: RHB Jimmy Hammertime
|
0-0: Ball 1-0: Ball 2-0: Swinging Strike 2-1: SOLO HOME RUN (Flyball, 7D, EV 105.6 MPH), Distance : 405 ft
|
|
Pinch Hitting: LHB Ryan Lowe
|
0-0: Called Strike 0-1: Swinging Strike 0-2: Strikes out swinging
|
|
Batting: RHB Hideo Okimura
|
0-0: Ball 1-0: Called Strike 1-1: Called Strike 1-2: Foul Ball, location: 2F 1-2: Ball 2-2: Strikes out swinging
|
|
Batting: RHB Tony Vargas
|
0-0: Called Strike 0-1: Fly out, F9 (Flyball, 89S, EV 87.5 MPH)
|
| Top of the 9th over - 1 run, 1 hit, 0 errors, 0 left on base; Seattle 8 - Chicago 2 |
| BOTTOM OF THE 9TH |
|
Chicago White Sox batting - Pitching for Seattle Mariners : RHP William de Jesus
|
|
Pitching: LHP Greg Burngooch
|
|
|
Now at 1B: Ryan Lowe
|
|
|
Batting: RHB Joseph Disepolo
|
0-0: Ball 1-0: Swinging Strike 1-1: SINGLE (Flyball, 8RS, EV 92.5 MPH)
|
|
Batting: LHB Randy Rosenberry
|
0-0: Ball 1-0: Ball 2-0: Ball 3-0: Base on Balls Joseph Disepolo to second
|
|
Batting: RHB Brad Boals
|
0-0: Swinging Strike 0-1: Ball 1-1: Ball 2-1: DOUBLE (Line Drive, 8LXD, EV 108.1 MPH) Joseph Disepolo scores Randy Rosenberry to third
|
|
Pinch Hitting: RHB Leo Navarro
|
0-0: Called Strike 0-1: Fly out, F8 (Flyball, 78M, EV 95.6 MPH)
|
|
Batting: RHB Henri Cederberg
|
0-0: Ball 1-0: Called Strike 1-1: Called Strike 1-2: Ball 2-2: Strikes out swinging
|
|
Pinch Hitting: LHB Sidney Pedder
|
0-0: Called Strike 0-1: Ball 1-1: Swinging Strike 1-2: Ball 2-2: Ball 3-2: Foul Ball, location: 2F 3-2: Foul Ball, location: 2F 3-2: Base on Balls
|
|
Pitching: RHP Omar Colunga
|
|
|
Batting: LHB Angel Tellez
|
0-0: Called Strike 0-1: Swinging Strike 0-2: Foul Ball, location: 2F 0-2: Ball 1-2: Strikes out swinging
|
| Bottom of the 9th over - 1 run, 2 hits, 0 errors, 3 left on base; Seattle 8 - Chicago 3 |
|